 Dungeon Crawl Stone Soup version 0.25-a0-842-g81a31cfd23 (webtiles) character file.

Game seed: 13108186779452684041, levelgen mode: deterministic

1932 Maedhros the Ducker (level 9, -1/61 HPs)
             Began as an Octopode Wanderer on Apr 25, 2020.
             Was a Plaything of Xom.
             Slain by a hippogriff (4 damage)
             ... on level 7 of the Dungeon.
             The game lasted 00:08:17 (6716 turns).

Maedhros the Ducker (Octopode Wanderer)             Turns: 6716, Time: 00:08:18

Health: -1/61      AC:  1    Str: 11    XL:     9   Next: 17%
Magic:  0/9        EV: 15    Int: 13    God:    Xom [..*...]
Gold:   453        SH: 10    Dex: 13    Spells: 8/8 levels left

rFire    + . .     SeeInvis .   c - +1 flail (protect)
rCold    x . .     Gourm    .   o - +0 kite shield
rNeg     . . .     Faith    .   (helmet restricted)
rPois    .         Spirit   +   w - amulet of guardian spirit
rElec    .         Reflect  .   j - -3 ring of intelligence (curse)
rCorr    .         Harm     .   r - ring of fire
MR       .....                  (no ring)
Stlth    +++.......             (no ring)
HPRegen  0.20/turn              (no ring)
MPRegen  0.11/turn              (no ring)
                                (no ring)
                                (no ring)

@: no status effects
A: almost no armour, stealthy swim, amphibious, 8 rings, constrict 8, camouflage
1, gelatinous body 1
a: Renounce Religion


You were on level 7 of the Dungeon.
You worshipped Xom.
You were a toy of Xom.
You were hungry.

You visited 2 branches of the dungeon, and saw 8 of its levels.

You collected 453 gold pieces.

Inventory:

Hand Weapons
 a - a +2 mace
 c - a +1 flail of protection (weapon)
Armour
 o - a +0 kite shield (worn)
Jewellery
 j - a cursed -3 ring of intelligence (left tentacle)
 r - a ring of fire (right tentacle)
 w - an amulet of guardian spirit (around mantle)
Wands
 i - a wand of flame (33)
 A - a wand of random effects (17)
Scrolls
 e - 13 scrolls of identify {unknown}
 g - 4 scrolls of enchant armour {unknown}
 k - 2 scrolls of random uselessness {unknown}
 l - 6 scrolls of teleportation {unknown}
 m - 2 scrolls of amnesia {unknown}
 n - a scroll of noise {unknown}
 q - 4 scrolls of remove curse {unknown}
 s - a scroll of enchant weapon {unknown}
 u - a scroll of blinking {unknown}
 y - 2 scrolls of fog {unknown}
Potions
 b - a potion of lignification
 f - 3 potions of might
 h - a potion of flight
 p - 3 potions of curing
 t - 3 potions of heal wounds
 v - a potion of mutation {unknown}
 x - a potion of magic {unknown}
 z - a potion of brilliance {unknown}
 B - a potion of cancellation {unknown}
Comestibles
 d - 18 rations


   Skills:
 - Level 5.0 Fighting
 - Level 6.0 Maces & Flails
 - Level 1.0 Throwing
 - Level 7.3 Dodging
 - Level 1.3 Stealth
 * Level 7.1 Shields


You had 8 spell levels left.
You didn't know any spells.
Your spell library contained the following spells:

 Spells                   Type           Power        Failure   Level  Hunger
 Magic Dart               Conj           #...         63%         1    ##.....
 Blink                    Tloc           N/A          77%         2    ###....
 Call Imp                 Summ           #.......     77%         2    ###....
 Slow                     Hex            #.......     77%         2    ###....
 Conjure Flame            Conj/Fire      #.......     94%         3    ####...
 Mephitic Cloud           Conj/Pois/Air  #.......     94%         3    ####...


Dungeon Overview and Level Annotations

Branches:
Dungeon (7/15)             Temple (1/1) D:7

Altars:
Ashenzari
Dithmenos
Kikubaaqudgha
Makhleb
Nemelex Xobeh
Okawaru
Ru
Xom
The Shining One

Annotations:
D:5 1 transporter
D:6 3 runed translucent doors, hexxy's ghost, novice DEFE


Innate Abilities, Weirdness & Mutations

You cannot wear most types of armour.
You are very stealthy in the water. (Stealth+)
You are amphibious.
You can wear up to eight rings at the same time.
You can use your tentacles to constrict eight enemies at once.
Your skin changes colour to match your surroundings (Stealth+).
Your rubbery body absorbs attacks. (AC +1, EV +1)


Message History

Aim: an adder Nothing appears to happen.
Something bites you but does no damage. Something pecks you.
Something claws you.
Evoke which item? (* to show all) (? for menu, Esc to quit)
Aiming: Random Effects
Press: ? - help, Shift-Dir - straight line, f/p - adder
Aim: an adder The mass of ice explodes!
The iceblast engulfs something!
The iceblast engulfs you!
You feel a painful chill!
Xom thinks this is hilarious!
* * * LOW HITPOINT WARNING * * *
The iceblast engulfs the adder!
You kill the adder!
Something bites you.
* * * LOW HITPOINT WARNING * * *
Something pecks you!
* * * LOW HITPOINT WARNING * * *
Something claws you.
You die... "I guess I need a new plaything now."

##..###.##
#.......
##..## #..#
#....... ###
#..## ##.#
##.######
#.###.## #.##
##..## ##.#.##
#..###....#
##.##
##.).#..#..#
#.##
##..##.#####.#
#..# ##{######
.# #### #@##
#. ### #. ##


There were no monsters in sight!

Vanquished Creatures
  Duvessa (D:4)
  An orc warrior (D:6)
  A hornet zombie (D:5)
  A phantom (D:4)
  A centaur (D:5)
  4 ogres
  A bullfrog (D:7)
  Dowan (D:4)
  2 scorpions (D:4)
  A water moccasin skeleton (D:5)
  A bullfrog zombie (D:6)
  A centaur zombie (D:7)
  A jelly (D:7)
  3 hounds
  2 orc priests
  4 orc wizards
  Ijyb (D:3)
  3 iguanas
  9 worker ants
  6 adders
  An ooze (D:3)
  2 adder skeletons (D:4)
  2 worms (D:4)
  2 dart slugs
  4 leopard geckos
  28 orcs
  6 bats
  4 giant cockroaches
  8 goblins
  7 hobgoblins
  2 jackals (D:5)
  10 kobolds
  3 quokkas
  4 frilled lizards
  3 rats
131 creatures vanquished.

Notes
Turn   | Place    | Note
-------+----------+-------------------------------------------
     0 | D:1      | Maedhros the Octopode Wanderer began the quest for the Orb.
     0 | D:1      | Maedhros set off with the following items: a +2 mace, a
                  | potion of lignification, a potion of curing, a ration
     0 | D:1      | Reached XP level 1. HP: 18/18 MP: 1/1
   288 | D:1      | Reached skill level 1 in Dodging
   363 | D:2      | Reached XP level 2. HP: 24/24 MP: 2/2
   495 | D:3      | Reached XP level 3. HP: 21/29 MP: 3/3
   845 | D:3      | Reached XP level 4. HP: 32/35 MP: 4/4
   870 | D:3      | Reached XP level 5. HP: 8/39 MP: 5/5
  1060 | D:4      | You fall into a shaft and drop 1 floor!
  1060 | D:5      | Entered Level 5 of the Dungeon
  1412 | D:5      | Reached XP level 6. HP: 35/45 MP: 6/6
  1533 | D:5      | Found a sparkling altar of Nemelex Xobeh.
  1533 | D:5      | Found a transporter.
  1658 | D:5      | Reached skill level 5 in Dodging
  1824 | D:5      | Reached skill level 5 in Maces & Flails
  1824 | D:5      | Reached XP level 7. HP: 25/50 MP: 7/7
  2253 | D:5      | Found a burning altar of Makhleb.
  3051 | D:4      | Reached XP level 8. HP: 49/55 MP: 8/8
  3222 | D:4      | Noticed Duvessa
  3416 | D:6      | Reached skill level 1 in Shields
  3702 | D:6      | Found a runed translucent gate.
  3846 | D:6      | Found a runed translucent gate.
  3847 | D:6      | Found a runed translucent gate.
  3847 | D:6      | Noticed hexxy's ghost (novice DEFE)
  4370 | D:7      | Reached skill level 5 in Shields
  4525 | D:7      | Found a staircase to the Ecumenical Temple.
  4531 | Temple   | Entered the Ecumenical Temple
  4563 | Temple   | Became a worshipper of Xom the Fickle
  4628 | D:7      | XOM: silly message
  4821 | D:3      | XOM: silly message
  4915 | D:3      | Noticed Ijyb
  4925 | D:3      | Killed Ijyb
  5145 | D:2      | XOM: chaos upgrade
  5475 | D:2      | XOM: divination: magic mapping
  5755 | D:1      | XOM: silly message
  5844 | D:1      | XOM: silly message
  6013 | D:1      | XOM: silly message
  6113 | D:1      | XOM is BORED!
  6113 | D:1      | XOM: silly message
  6379 | D:4      | Noticed Dowan
  6400 | D:4      | XOM: silly message
  6405 | D:4      | Killed Duvessa
  6405 | D:4      | Reached XP level 9. HP: 49/61 MP: 6/9
  6413 | D:4      | Killed Dowan
  6468 | D:4      | XOM: silly message
  6716 | D:7      | HP: 3/61 [something (7)]
  6716 | D:7      | Slain by a hippogriff

Levels and vault maps discovered:
D:1:      dpeg_arrival_erosion, layout_basic
D:2:      layout_basic, kennysheep_cross_bottleneck
D:3:      layout_rooms, first_ration, uniq_ijyb
D:4:      layout_loops_cross, minmay_misc_feat_nine_boxes, uniq_duvessa
D:5:      layout_basic, basic_altar, minmay_misc_feat_doors, nrook_mini_vaults,
          grunt_nemelex_the_gamble
D:6:      layout_gridville, gammafunk_ghost_split
D:7:      layout_layer_cave, minmay_temple_entry_fiery, chequers_garden
Temple:   kb_temple_of_zot

Skill      XL: |  1  2  3  4  5  6  7  8  9 |
---------------+----------------------------+-----
Dodging        | 1 2 3 4 5 7 |  7.3
Maces & Flails | 4 5 6 |  6.0
Shields        | 6 7 |  7.1
Fighting       | |  5.0
Throwing       | |  1.0
Stealth        | |  1.3

Action                   |  1- 3 |  4- 6 |  7- 9 || total
-------------------------+-------+-------+-------++-------
Melee: Mace              |    37 |    22 |       ||    59
       Constrict         |     6 |    17 |    48 ||    71
       Tentacles         |     2 |    13 |    30 ||    45
       Flail             |       |    57 |   262 ||   319
Evoke: Wand              |       |     4 |    18 ||    22
  Use: Potion            |     1 |     3 |       ||     4
 Stab: Sleeping          |     5 |     2 |    18 ||    25
  Eat: Chunk             |       |     2 |    16 ||    18
Armor: Skin              |     5 |    13 |    49 ||    67
Dodge: Dodged            |    16 |    56 |   140 ||   212
Block: Kite shield       |       |       |    64 ||    64

Table legend:
 A = Non-vault XP
 B = Vault XP
 C = Vault XP percentage of total XP
 D = Non-vault monster count
 E = Vault monster count
 F = Vault count percentage of total count
                 A         B        C        D         E       F
            +---------+---------+-------+---------+---------+-------
      Total |    2492 |     268 |   9.7 |     128 |       3 |   2.3
            +---------+---------+-------+---------+---------+-------
        D:1 |      32 |       0 |   0.0 |      16 |       0 |   0.0
        D:2 |      28 |       0 |   0.0 |       9 |       0 |   0.0
        D:3 |     172 |      39 |  18.5 |      36 |       1 |   2.7
        D:4 |     420 |     229 |  35.3 |      19 |       2 |   9.5
        D:5 |     790 |       0 |   0.0 |      20 |       0 |   0.0
        D:6 |     580 |       0 |   0.0 |      11 |       0 |   0.0
        D:7 |     470 |       0 |   0.0 |      17 |       0 |   0.0
            +---------+---------+-------+---------+---------+-------
